Map: Catalyst LE

Players

coldhand

  • Race: Terran Terran
  • Spawn Location: 5:00

HPoe - Winner!

  • Race: Zerg Zerg
  • League: Gold
  • Spawn Location: 11:00

VOD

Have the link to the VOD?

Description

Time

  • Played on: March 24, 2018, 3:42 a.m.
  • Length: 18:07
Show
View Real Time Build Order
Export as new Build Order

coldhand Terran 

Build Orders: Reaper Expand, MMM Bio 

Get SALT Encoding   

  12  0:00  SCV  
  13  0:13  SCV  
  14  0:19  Supply Depot  
  14  0:26  SCV  
  15  0:44  Barracks  
  15  0:47  SCV  
  15  0:48  Refinery  
  16  0:59  SCV  
  17  1:15  SCV  
  18  1:31  Orbital Command  
  18  1:33  Reaper  
  19  1:43  Command Center  
  19  1:55  Barracks  
  19  1:59  SCV  
  20  2:06  Refinery  
  20  2:11  SCV  
  21  2:20  Barracks Reactor  
  21  2:23  SCV  
  22  2:31  Factory  
  22  2:35  SCV  
  23  2:45  Barracks Tech Lab  
  23  2:48  Supply Depot  
  23  2:58  SCV  
  23  2:59  Orbital Command  
  23  3:04  Bunker  
  23  3:05  Stimpack  
  23  3:06  Marine x3  
  26  3:21  Factory Reactor  
  26  3:25  Marine  
  26  3:26  Marine x2  
  29  3:27  SCV x2  
  31  3:37  Supply Depot  
  31  3:39  SCV x2  
  33  3:43  Marine x2  
  33  3:44  Marine  
  36  3:51  Starport  
  36  3:55  SCV x2  
  38  4:01  Marine x2  
  38  4:02  Marine  
  41  4:13  Supply Depot  
  41  4:18  SCV x2  
  41  4:21  Factory Tech Lab  
  43  4:24  Marine x3, Refinery  
  43  4:26  Refinery  
  46  4:36  Supply Depot  
  46  4:37  SCV x2  
  46  4:38  Engineering Bay x2  
  48  4:49  SCV x2  
  50  4:58  Supply Depot  
  50  5:00  Marine, Medivac x2  
  50  5:01  SCV x2, Marine x2  
  59  5:07  Siege Tank  
  62  5:20  SCV x2  
  64  5:33  SCV  
  64  5:34  SCV  
  67  5:50  SCV x2  
  67  5:53  Supply Depot  
  67  5:56  Marine  
  67  5:57  Marine x2  
  69  5:58  Siege Tank  
  69  6:00  Medivac  
  69  6:01  Medivac  
  78  6:06  Supply Depot  
  78  6:07  Supply Depot  
  78  6:08  Supply Depot  
  78  6:15  SCV x2  
  78  6:17  Barracks  
  80  6:18  Barracks  
  80  6:19  Barracks  
  80  6:20  Barracks  
  80  6:21  Marine x2, Marauder  
  84  6:27  SCV x2  
  84  6:31  Siege Tank  
  80  6:43  SCV x2  
  73  6:53  Combat Shields  
  73  6:56  Marine x3  
  73  7:00  Medivac x2  
  80  7:11  Barracks Reactor x2  
  80  7:13  Barracks Tech Lab  
  80  7:14  Barracks Tech Lab, Marine x3  
  83  7:23  Supply Depot x2  
  83  7:26  Supply Depot  
  83  7:29  Supply Depot  
  83  7:32  Marine x3, Supply Depot  
  83  7:34  Terran Infantry Armor Level 1, Terran Infantry Weapons Level 1  
  86  7:37  Armory  
  86  7:48  Marine  
  86  7:49  Marine x6  
  86  7:50  Marine x2  
  86  7:51  Siege Tank  
  98  7:53  Medivac  
  100  8:06  Marine x3  
  100  8:07  Marine x5  
  100  8:08  Marine  
  109  8:19  SCV  
  111  8:20  SCV  
  111  8:24  Marine x3  
  114  8:27  Siege Tank  
  114  8:28  Medivac x2  
  114  8:29  Marine x6  
  127  8:36  Command Center  
  127  8:42  Marine x3  
  116  8:56  Marine x6  
  116  8:58  Medivac  
  116  8:59  Marine, Siege Tank  
  116  9:00  Marine x2  
  125  9:13  Marine  
  125  9:14  Marine x5  
  117  9:17  Marine  
  117  9:18  Marine x2  
  112  9:31  Marine  
  112  9:32  Marine x4  
  112  9:35  Marine  
  112  9:36  Marine x3  
  121  9:48  Supply Depot  
  121  9:49  Marine, Supply Depot  
  121  9:50  Terran Infantry Weapons Level 2, Supply Depot, Terran Infantry Armor Level 2  
  121  9:51  Supply Depot  
  121  9:52  Marine x4  
  123  9:53  Marine, Supply Depot  
  123  9:54  Marine x3  
  130  10:07  Marine  
  130  10:10  Marine x2  
  112  10:27  Marine  
  112  10:28  Marine x8  
  113  10:40  Siege Tank, Medivac  
  113  10:41  Medivac  
  117  10:45  Marine  
  117  10:46  Marine x8  
  117  10:47  Orbital Command  
  120  11:03  Marine x2  
  122  11:07  Refinery  
  122  11:10  Refinery  
  102  11:31  Marine  
  102  11:32  Marine x8  
  97  11:49  Marine x9  
  103  12:07  Marine x7  
  101  12:11  Marine x2  
  94  12:22  SCV x2  
  90  12:24  Marine  
  90  12:25  Marine x6  
  90  12:27  Missile Turret  
  90  12:28  Marine, Missile Turret x2  
  90  12:29  Marine  
  99  12:34  Missile Turret  
  97  12:37  Missile Turret  
  97  12:38  Missile Turret  
  97  12:42  Marine  
  94  12:55  Marine x2  
  94  12:56  Marine x6  
  94  12:57  Siege Tank  
  94  12:58  Medivac x2  
  103  13:00  Marine  
  101  13:13  Marine x5  
  105  13:28  Medivac  
  105  13:29  Siege Tank  
  105  13:31  Marine  
  105  13:32  Marine x7, Supply Depot  
  118  13:34  Terran Infantry Armor Level 3, Terran Infantry Weapons Level 3  
  118  13:35  Terran Vehicle Weapons Level 1  
  118  14:01  Siege Tank  
  105  14:12  Marine  
  76  14:24  Marine  
  76  14:25  Marine x7  
  76  14:27  Medivac x2  
  76  14:29  Marine  
  79  14:33  Siege Tank  
  82  14:42  Marine x2  
  82  14:43  Marine x6  
  90  14:47  Marine  
  90  15:00  Marine x2  
  74  15:08  Marine  
  74  15:09  Marine x6  
  75  15:18  Marine x2  
  75  15:21  Siege Tank  
  75  15:26  Marine  
  75  15:27  Marine x6  
  73  15:29  Terran Vehicle And Ship Armor Level 1  
  68  15:35  Marine  
  68  15:36  Marine  
  67  15:44  Marine, Medivac x2  
  67  15:45  Marine x6  
  78  15:53  Marine, Siege Tank  
  78  15:54  Marine  
  83  16:02  Marine x5  
  83  16:03  Marine x2  
  90  16:11  Marine  
  90  16:12  Marine  
  90  16:14  Medivac x2  
  96  16:20  Marine x7  
  96  16:25  Siege Tank  
  106  16:50  Marine  
  106  16:51  Marine x8  
  113  16:57  Siege Tank  
  91  17:02  Medivac x2  
  91  17:08  Marine x3  
  76  17:09  Marine x3  
  73  17:27  Marine  
  73  17:28  Marine x2  
  73  17:29  Siege Tank  
Show
View Real Time Build Order
Export as new Build Order

HPoe Zerg - Winner!

Build Orders: Hatch First, Muta Ling Bane 

Get SALT Encoding   

  12  0:03  Drone  
  13  0:13  Overlord  
  13  0:17  Drone  
  14  0:32  Drone x2  
  16  0:36  Drone  
  17  0:55  Hatchery  
  16  0:57  Drone  
  17  1:14  Spawning Pool  
  17  1:15  Drone  
  17  1:18  Drone  
  17  1:24  Drone  
  19  1:30  Drone  
  20  1:46  Hatchery  
  19  1:49  Drone  
  19  1:52  Drone  
  21  2:06  Queen  
  23  2:09  Queen  
  25  2:18  Drone x3  
  25  2:22  Drone  
  28  2:28  Overlord  
  28  2:38  Extractor  
  28  2:41  Extractor, Drone x2  
  30  2:49  Overlord  
  30  2:50  Drone  
  30  2:51  Drone  
  32  3:06  Drone x4  
  32  3:10  Queen  
  32  3:12  Queen  
  40  3:14  Drone x2  
  40  3:15  Drone x2  
  44  3:20  Drone x2  
  44  3:21  Drone  
  47  3:27  Extractor  
  47  3:28  Drone  
  47  3:29  Drone x3  
  47  3:33  Overlord  
  50  3:35  Overlord  
  50  3:47  Overlord x3  
  50  3:48  Extractor  
  49  3:55  Extractor  
  49  3:57  Extractor  
  49  3:58  Drone x4  
  49  3:59  Drone  
  52  4:03  Drone x4  
  52  4:05  Extractor  
  52  4:09  Extractor  
  54  4:21  Drone  
  54  4:22  Drone x8  
  63  4:30  Overlord x2  
  63  4:35  Queen  
  65  4:40  Lair, Baneling Nest  
  65  4:41  Drone  
  65  4:42  Zergling x4  
  65  4:44  Metabolic Boost  
  67  4:51  Drone x3  
  70  5:07  Evolution Chamber  
  70  5:08  Drone x2  
  70  5:09  Drone x3  
  70  5:10  Zergling x4  
  70  5:11  Zergling x6  
  79  5:32  Zergling x12  
  79  5:35  Zerg Ground Armor Level 1  
  85  5:43  Drone x4  
  85  5:46  Drone x3  
  92  5:52  Zergling x10  
  92  5:54  Centrifical Hooks  
  92  5:55  Spire  
  92  5:56  Overlord x3  
  96  5:59  Evolution Chamber  
  95  6:15  Zergling x2  
  96  6:53  Queen  
  98  7:09  Mutalisk x3, Zerg Flyer Weapons Level 1  
  98  7:10  Mutalisk x3  
  98  7:14  Baneling x7  
  98  7:15  Baneling x2  
  110  7:18  Zerg Melee Weapons Level 1  
  110  7:23  Hatchery  
  110  7:25  Infestation Pit  
  110  7:27  Spore Crawler  
  110  7:28  Spine Crawler  
  106  7:44  Zerg Ground Armor Level 2  
  106  7:54  Drone x3  
  106  7:55  Drone x8  
  106  7:56  Drone  
  118  8:07  Overseer  
  118  8:08  Mutalisk x2  
  118  8:10  Overlord x3  
  118  8:11  Overlord x8  
  122  8:16  Hive  
  122  8:17  Extractor  
  121  8:21  Extractor  
  120  8:37  Zergling x2  
  120  8:38  Zergling x16  
  127  8:42  Baneling x4  
  127  8:43  Baneling x2  
  107  8:58  Zergling x2  
  107  8:59  Zergling x18  
  107  9:00  Baneling x8  
  109  9:07  Zergling x2, Mutalisk  
  109  9:08  Mutalisk  
  98  9:20  Mutalisk x6  
  104  9:24  Zergling x2  
  104  9:25  Zergling x2  
  106  9:46  Mutalisk x4  
  106  9:47  Mutalisk  
  106  9:48  Zergling x6  
  106  9:50  Baneling x2  
  119  9:57  Queen  
  119  9:59  Drone x2  
  123  10:06  Baneling  
  123  10:07  Baneling x3  
  105  10:14  Zergling x2  
  105  10:15  Zergling x20  
  105  10:16  Baneling  
  105  10:17  Baneling  
  101  10:34  Zergling x12  
  101  10:35  Zergling x10  
  89  10:39  Zergling x8  
  77  10:55  Baneling x7  
  77  10:56  Baneling x5  
  72  10:57  Drone  
  72  10:58  Drone x5  
  78  11:05  Zergling x2  
  78  11:07  Baneling x10  
  78  11:08  Baneling x2  
  78  11:10  Mutalisk x2  
  83  11:17  Zergling x2  
  83  11:18  Zergling x2  
  79  11:25  Zergling x2  
  80  11:32  Mutalisk x11  
  97  11:46  Mutalisk  
  93  11:47  Mutalisk x2  
  93  11:50  Queen  
  93  11:51  Zergling x2  
  93  11:52  Zergling x4  
  85  12:09  Drone  
  85  12:11  Zergling x2  
  85  12:14  Zergling x2  
  85  12:15  Zergling x10, Drone  
  90  12:16  Drone x2  
  93  12:26  Zergling x2  
  93  12:27  Zergling x4  
  93  12:28  Mutalisk  
  98  12:33  Hatchery  
  87  12:56  Zergling x4  
  80  13:02  Zergling x2  
  80  13:03  Zergling x16  
  80  13:04  Drone  
  83  13:18  Drone x4  
  85  13:26  Mutalisk x2  
  85  13:28  Baneling x8  
  85  13:29  Baneling x14  
  85  13:30  Queen  
  89  13:40  Ultralisk Cavern  
  88  13:44  Zergling x2, Extractor x2  
  88  13:45  Zergling x14  
  90  14:04  Mutalisk x5  
  90  14:05  Mutalisk x6  
  90  14:06  Zergling x2  
  90  14:07  Zergling x8  
  107  14:27  Zergling x2  
  107  14:28  Zergling x10  
  112  14:31  Zergling x2  
  112  14:32  Zergling x10  
  112  14:36  Queen, Drone  
  121  14:41  Ultralisk x2  
  121  14:44  Baneling x3  
  121  14:45  Baneling x7  
  133  14:48  Zergling x4  
  133  14:50  Drone x2  
  121  15:12  Zergling x8  
  102  15:39  Zergling x2  
  102  15:40  Zergling x2  
  110  15:42  Ultralisk  
  110  15:43  Ultralisk x2  
  110  15:45  Drone  
  110  15:46  Drone  
  118  15:53  Baneling  
  118  15:54  Baneling x7  
  118  16:10  Hatchery  
  117  16:17  Zergling x2  
  117  16:18  Zergling x30, Extractor  
  132  16:21  Extractor  
  132  16:25  Mutalisk x3  
  137  16:37  Baneling  
  137  16:38  Baneling x5  
  137  16:39  Zergling x2  
  139  16:40  Zergling x10, Overlord x3  
  143  16:48  Zergling x8  
  124  17:36  Zergling x2  
  135  17:37  Zergling x32  
  135  17:38  Zergling x6  
  135  17:42  Baneling x3  
  135  17:43  Baneling  
  145  17:50  Drone x2  
  145  17:51  Drone x2  
  148  17:53  Spore Crawler, Spine Crawler  
Tags
 
League
Gold
Matchup
TvZ
Replay Pack
24 marzo
Spawn Locations
Cross Positions
Add a new tag
Caveats
  • Supply blocks, unpowered buildings, or Contaminate may cause inaccurate times.
  • Supply counts are checked every 10 seconds.